 Dungeon Crawl Stone Soup version 0.31-a0-848-gaac375c287 (webtiles) character file.

Game seed: 11984625999828178333

9639 Dirtsage the Grappler (level 11, 0/124 HPs)
             Began as a Demonspawn Berserker on Oct 4, 2023.
             Was a High Priest of Trog.
             Succumbed to a hornet's poison
             ... on level 10 of the Dungeon.
             The game lasted 00:17:12 (8794 turns).

Dirtsage the Grappler (Demonspawn Berserker)        Turns: 8794, Time: 00:17:13

Health: 0/124      AC: 10    Str: 22    XL:     11   Next: 25%
Magic:  11/11      EV: 12    Int:  8    God:    Trog [*****.]
Gold:   186        SH:  0    Dex: 13    Spells: 10/10 levels left

rFire   . .          .
                       - Unarmed
rCold   . . .        (no shield)
rNeg    . . .        K - +0 troll leather armour
rPois   .            i - +2 hat
rElec   .            (no cloak)
rCorr   .            (no gloves)
SInv    .            b - +0 pair of boots
Will    ++...        F - amulet of faith Stlth
                     o - +4 ring of protection
HPRegen 3.20/turn    (no ring)
MPRegen 0.12/turn

%: faith
@: berserking, lethally poisoned (0 -> 0), strong-willed, regenerating, slowed
A: hooves 2, horns 1, demonic guardian 1, powered by death 2, weakness stinger 1
a: Renounce Religion, Berserk, Trog's Hand, Brothers in Arms


You were on level 10 of the Dungeon.
You worshipped Trog.
Trog was extremely pleased with you.
You visited 2 branches of the dungeon, and saw 12 of its levels.
You also visited: Ossuary.

You collected 527 gold pieces.
You spent 341 gold pieces at shops.

Inventory:

Armour
 b - a +0 pair of boots (worn)
 d - a +0 ring mail
 i - a +2 hat (worn)
 y - a +0 cloak
 K - a +0 troll leather armour (worn)
Jewellery
 o - a +4 ring of protection (left hand)
 F - an amulet of faith (around neck)
 L - a ring of ice
Wands
 q - a wand of light (13)
 s - a wand of polymorph (7)
 u - a wand of paralysis (4)
 C - a wand of flame (35)
 D - a wand of digging (9)
 E - a wand of iceblast (6)
Scrolls
 a - a scroll of fear {unknown}
 e - 7 scrolls of teleportation {unknown}
 j - 3 scrolls of immolation
 p - 3 scrolls of amnesia
 x - 4 scrolls of noise {unknown}
 z - 3 scrolls of enchant armour
 B - 2 scrolls of fog
 G - 2 scrolls of vulnerability
 H - a scroll of brand weapon {unknown}
 J - a scroll of blinking {unknown}
Potions
 c - 9 potions of curing {unknown}
 f - 4 potions of ambrosia {unknown}
 g - 3 potions of mutation {unknown}
 h - 2 potions of haste
 k - 2 potions of berserk rage {unknown}
 l - 4 potions of heal wounds
 m - 7 potions of brilliance {unknown}
 n - 2 potions of invisibility {unknown}
 r - 2 potions of degeneration {unknown}
 t - 3 potions of might {unknown}
 v - a potion of resistance {unknown}
 w - 3 potions of lignification {unknown}
 A - 2 potions of attraction {unknown}
 I - a potion of magic {unknown}


   Skills:
 + Level 6.5 Fighting
 - Level 8.6 Axes
 + Level 5.2 Armour
 - Level 1.7 Dodging
 * Level 11.0 Unarmed Combat
 + Level 5.2 Evocations


You had 10 spell levels left.
You didn't know any spells.
Your spell library contained the following spells:

 Spells                   Type           Power      Damage    Failure   Level
 Magic Dart               Conj           0%         1d3       45%         1
 Call Imp                 Summ           0%         N/A       58%         2
 Cigotuvi's Dreadful Rot  Necr/Pois/Air  0%         N/A       58%         2
 Sublimation of Blood     Necr           0%         N/A       58%         2
 Ignite Poison            Fire/Tmut/Pois 0%         N/A       83%         3
 Inner Flame              Hex/Fire       0%         N/A       83%         3
 Mephitic Cloud           Conj/Pois/Air  0%         N/A       83%         3
 Petrify                  Tmut/Erth      0%         N/A       99%         4
 Freezing Cloud           Conj/Ice/Air   0%         6-21      100%        5
 Irradiate                Conj/Tmut      0%         3d11      100%        5
 Yara's Violent Unravell  Hex/Tmut       0%         3d3       100%        5
 Enfeeble                 Hex            0%         N/A       100%        7


Dungeon Overview and Level Annotations

Branches:
Dungeon (11/15)            Temple (1/1) D:4         Ossuary (visited)
   Lair: D:8-11         Orc: D:9-12

Altars:
Ashenzari
Cheibriados
Dithmenos
Fedhas
Gozag
Hepliaklqana
Kikubaaqudgha
Makhleb
Nemelex Xobeh
Okawaru
Qazlal
Ru
Sif Muna
Trog
Uskayaw
Vehumet
Wu Jian
Xom
Yredelemnul

Shops:
D:1 :   D:5 (   D:8 **

Annotations:
D:2 1 runed translucent door, Crazy Yiuf
D:8 Psyche


Innate Abilities, Weirdness & Mutations

You have hoof-like feet.
You have a pair of small horns on your head.
A weak demonic guardian rushes to your aid.
You regenerate health from kills.
You have a small tail.


Message History

You can move again.
You take 39 damage, and have 25/83 hp.
MASSIVE DAMAGE!!
You punch the hornet!
The hornet is moderately wounded.
You feel very sick. The hornet completely misses you. The hornet stings you!
* * * LOW HITPOINT WARNING * * *
A demonic guardian appears!
You are more poisoned.
You feel as though you will be slow longer.
You take 10 damage, and have 15/83 hp.
Your skin crawls.
You feel strong-willed.
You feel very sick. The hornet barely misses you.
The hornet stings you but does no damage.
You take 2 damage, and have 13/83 hp.
A red film seems to cover your vision as you go berserk!
You feel yourself moving faster!
You feel mighty!
You feel very sick. The hornet stings you.
* * * LOW HITPOINT WARNING * * *
You are more poisoned.
You feel as though you will be slow longer.
The hornet closely misses you. The hornet stings you.
* * * LOW HITPOINT WARNING * * *
You feel as though you will be slow longer.
You now have 9/124 hp.
You punch the hornet! Your headbutt misses the hornet.
The hornet is heavily wounded.
You feel very sick. The hornet stings you!
* * * LOW HITPOINT WARNING * * *
You feel as though you will be slow longer.
You take 8 damage, and have 1/124 hp.
You pummel the hornet!!
You feel the power of Trog in you as your rage grows.
You kill the hornet!
Trog accepts your kill.
You die...

#.. .. ..# .y . #..
.. .. #.# )###. .
#.# ..Y.... #.#
..#....
#.####....##.
.######5@†Y........
........#####.#####
.######.## #
####.#.##
#...###.###.# #...#
##....#
#...###.#####
#.####.#.#.##
#.....>..##


You could see a yak and a friendly quasit (summoned).

Vanquished Creatures
  3 two-headed ogres (D:11)
  Maurice (D:11)
  A gargoyle (D:8)
  A komodo dragon (D:11)
  A troll (D:11)
  A hornet (D:10)
  Grinder (D:6)
  12 yaks
  A steam dragon (D:8)
  Edmund (D:6)
  Menkaure (D:6)
  An acid dragon (D:8)
  A black bear (D:8)
  A sky beast (D:7)
  2 ice beasts (D:6)
  4 orc warriors
  3 ogres
  4 centaurs
  2 phantoms
  A kobold brigand (D:6)
  A bullfrog (D:7)
  2 necrophages (D:6)
  A gnoll sergeant (D:8)
  6 scorpions
  8 wights
  A howler monkey (D:4)
  2 bullfrog zombies (D:6)
  3 centaur zombies (Ossuary)
  2 jellies
  7 hounds
  3 human zombies
  4 orc priests
  A gnoll bouda (D:8)
  A sleepcap (D:6)
  Jessica (D:2)
  2 iguanas (D:6)
  7 orc wizards
  3 scorpion zombies (Ossuary)
  5 mummies
  2 howler monkey zombies (D:6)
  19 gnolls
  11 adders
  2 white imps
  3 dart slugs
  23 orcs
  5 bats
  5 endoplasms
  3 giant cockroaches
  9 goblins
  15 hobgoblins
  7 jackals
  5 quokkas
  10 ball pythons
  3 frilled lizards
  A gnoll zombie (Ossuary)
  3 goblin zombies (Ossuary)
  4 hobgoblin zombies (Ossuary)
  21 kobolds
  A kobold zombie (Ossuary)
  3 orc zombies (Ossuary)
  3 rats (D:1)
261 creatures vanquished.

Vanquished Creatures (collateral kills)
  Prince Ribbit (D:6)
  A yak (D:9)
2 creatures vanquished.

Grand Total: 263 creatures vanquished

Notes
Turn   | Place    | Note
-------+----------+-------------------------------------------
     0 | D:1      | Dirtsage the Demonspawn Berserker began the quest for the
                  | Orb.
     0 | D:1      | Reached XP level 1. HP: 18/18 MP: 1/1
    91 | D:1      | Found Omaczeem's Vocational Training.
   183 | D:1      | Gained mutation: You regenerate a little health from kills.
                  | [demonic ancestry]
   183 | D:1      | Reached XP level 2. HP: 17/24 MP: 2/2
   622 | D:1      | Reached XP level 3. HP: 29/29 MP: 3/3
  1313 | D:2      | Reached ** piety under Trog
  1408 | D:2      | Found a runed translucent door.
  1409 | D:2      | Noticed Crazy Yiuf
  1785 | D:2      | Noticed Jessica
  1796 | D:2      | Killed Jessica
  1797 | D:2      | Discovered your monstrous ancestry.
  1797 | D:2      | Gained mutation: You have a pair of small horns on your
                  | head. [demonic ancestry]
  1797 | D:2      | Reached XP level 4. HP: 24/35 MP: 4/4
  2396 | D:3      | Reached XP level 5. HP: 30/41 MP: 5/5
  2622 | D:4      | Reached skill level 5 in Axes
  2744 | D:4      | Reached XP level 6. HP: 47/47 MP: 6/6
  2865 | D:4      | Found a sand-covered staircase.
  2870 | Ossuary  | Entered an ossuary
  3074 | Ossuary  | Gained mutation: You have a small tail. [demonic ancestry]
  3074 | Ossuary  | Reached XP level 7. HP: 43/52 MP: 7/7
  3182 | Ossuary  | Reached *** piety under Trog
  3833 | D:4      | Found a staircase to the Ecumenical Temple.
  3843 | Temple   | Entered the Ecumenical Temple
  4103 | D:5      | Entered Level 5 of the Dungeon
  4111 | D:5      | Reached skill level 1 in Unarmed Combat
  4111 | D:5      | Gained mutation: You have large cloven feet. [demonic
                  | ancestry]
  4111 | D:5      | Reached XP level 8. HP: 30/59 MP: 8/8
  4113 | D:5      | Reached skill level 2 in Unarmed Combat
  4280 | D:5      | Found Guymul's Weapon Emporium.
  4427 | D:5      | Found a radiant altar of Vehumet.
  4559 | D:5      | Reached skill level 3 in Unarmed Combat
  4759 | D:6      | Noticed Menkaure
  4771 | D:6      | Killed Menkaure
  4772 | D:6      | Reached skill level 4 in Unarmed Combat
  4774 | D:6      | Reached **** piety under Trog
  4780 | D:6      | Reached skill level 5 in Unarmed Combat
  4879 | D:6      | Noticed Grinder
  4891 | D:6      | Killed Grinder
  4892 | D:6      | Reached skill level 6 in Unarmed Combat
  4942 | D:6      | Gained mutation: A weak demonic guardian rushes to your
                  | aid. [demonic ancestry]
  4942 | D:6      | Reached XP level 9. HP: 48/64 MP: 9/9
  5040 | D:6      | Noticed Edmund
  5042 | D:6      | Noticed Prince Ribbit
  5049 | D:6      | Killed Edmund
  5050 | D:6      | Reached skill level 7 in Unarmed Combat
  5060 | D:6      | Killed Prince Ribbit
  5394 | D:6      | Reached skill level 8 in Unarmed Combat
  5436 | D:6      | Found a basalt altar of Yredelemnul.
  5733 | D:7      | Reached skill level 1 in Evocations
  5840 | D:7      | Found a stormy altar of Qazlal.
  5843 | D:7      | Found a broken altar of Ashenzari.
  5847 | D:7      | Found a snail-covered altar of Cheibriados.
  6243 | D:7      | Reached skill level 9 in Unarmed Combat
  6928 | D:8      | Gained mutation: You regenerate health from kills. [demonic
                  | ancestry]
  6928 | D:8      | Reached XP level 10. HP: 69/73 MP: 10/10
  6959 | D:8      | Noticed a gargoyle
  6970 | D:8      | Killed a gargoyle
  7330 | D:8      | Reached skill level 5 in Fighting
  7501 | D:8      | Reached ***** piety under Trog
  7703 | D:8      | Noticed Psyche
  7761 | D:8      | Found Humuddzaxe's Humungous Hoard.
  7767 | D:8      | Bought a potion of heal wounds for 55 gold pieces
  7767 | D:8      | Bought a potion of haste for 110 gold pieces
  7767 | D:8      | Bought a +2 hat for 176 gold pieces
  8088 | D:8      | Found Naxziy's Lightly-Used Armoury.
  8262 | D:9      | Reached skill level 10 in Unarmed Combat
  8501 | D:9      | You fall into a shaft and drop 2 floors!
  8505 | D:11     | Identified the +9 shortbow "Luedujim" {speed, Fly rF- rC-
                  | Int+9}
  8665 | D:11     | Noticed a two-headed ogre
  8666 | D:11     | Noticed Maurice
  8667 | D:11     | Maurice stole a ring of ice
  8672 | D:11     | Killed a two-headed ogre
  8676 | D:11     | Killed Maurice
  8677 | D:11     | Gained mutation: You have hoof-like feet. [demonic
                  | ancestry]
  8677 | D:11     | Reached XP level 11. HP: 81/81 MP: 11/11
  8678 | D:11     | Noticed a two-headed ogre
  8686 | D:11     | Killed a two-headed ogre
  8698 | D:11     | Noticed a two-headed ogre
  8706 | D:11     | Killed a two-headed ogre
  8707 | D:11     | Reached skill level 5 in Armour
  8707 | D:11     | Reached skill level 5 in Evocations
  8713 | D:11     | Reached skill level 11 in Unarmed Combat
  8749 | D:10     | Entered Level 10 of the Dungeon
  8786 | D:10     | Paralysed by a hornet for 3 turns
  8793 | D:10     | HP: 1/124 [hornet (7)]
  8794 | D:10     | Succumbed to a hornet's poison

Illustrated notes

Levels and vault maps discovered:
D:1:      amcnicky_arrival_blooded_trapdoor, layout_basic,
          nicolae_shop_vocational
D:2:      layout_loops_corners, uniq_jessica, uniq_crazy_yiuf_cottage
D:3:      layout_rooms
D:4:      layout_cave_pools, minmay_temple_entry_glassed_door,
          nicolae_ossuary_entry_plus, minmay_pentangle
D:5:      nicolae_cairo_tiling_large, layout_gridville,
          mainiacjoe_overflow_concentric_impassable, serial_shops,
          nicolae_shop_bloodbath_and_beyond, amethyst_killhole
D:6:      layout_rooms, lemuel_mausoleum_altar_yredelemnul, serial_glass,
          glass_columns_a, glass_columns_a, chequers_jeans, uniq_prince_ribbit1,
          uniq_edmund, uniq_grinder, uniq_menkaure
D:7:      layout_layer_cave, nicolae_overflow_macrodata_refinement
D:8:      kennysheep_housing_project, layout_basic, nicolae_alphabet_shops,
          minmay_shop_damaged, uniq_psyche
D:9:      minmay_goldmine, layout_stronghold, hellmonk_lair_entry_icy,
          serial_column_ruins, column_ruins_hut_ruined,
          column_ruins_columns_corner, column_ruins_open_small,
          column_ruins_open_large
D:10:     layout_loops_ring
D:11:     layout_basic, special_room [special_room_bee], uniq_harold,
          uniq_maurice, uniq_sonja
Temple:   nicolae_temple_bog_church

Skill      XL: |  1  2  3  4  5  6  7  8  9 10 11 |
---------------+----------------------------------+-----
Axes           | 3 4 5 7 8 |  8.6
Unarmed Combat | 1 6 9 10 11 | 11.0
Armour         | 3 4 5 |  5.2
Evocations     | 2 4 5 |  5.2
Fighting       | 4 6 |  6.5
Dodging        | |  1.7

Action                     |  1- 3 |  4- 6 |  7- 9 | 10-12 || total
---------------------------+-------+-------+-------+-------++-------
  Melee: Hand axe          |   167 |   109 |    84 |       ||   360
         Punch             |     2 |     6 |    18 |     3 ||    29
         Headbutt          |       |    39 |    84 |    48 ||   171
         Unarmed           |       |    80 |   310 |   189 ||   579
         Tailslap          |       |       |    60 |    32 ||    92
         Kick              |       |       |    67 |    34 ||   101
 Invoke: Berserk           |     2 |     5 |    10 |     5 ||    22
         Trog's Hand       |       |       |       |     1 ||     1
  Evoke: Wand              |       |       |       |     7 ||     7
    Use: Scroll            |       |       |     6 |     1 ||     7
   Stab: Paralysed         |       |       |       |    11 ||    11
         Distracted        |       |       |       |     1 ||     1
 Armour: Ring mail         |    85 |   209 |   211 |   163 ||   668
         Animal skin       |     4 |       |       |       ||     4
         Skin              |       |       |       |     2 ||     2
         Troll leather arm |       |       |       |    23 ||    23
  Dodge: Dodged            |   100 |   162 |   196 |   101 ||   559

Table legend: (Time is in decaauts)
 A = Elapsed time spent in this place.
 B = Non-inter-level travel time spent in this place.
 C = Inter-level travel time spent in this place.
 D = Time resting spent in this place.
 E = Time spent auto-exploring this place.
 F = Levels seen in this place.
 G = Mean time per level.
                   A        B        C        D        E       F      G
               +--------+--------+--------+--------+--------+-----+--------+
         Total |   8937 |   8740 |    197 |    733 |   6340 |  13 |  687.5 |
       Dungeon |   8201 |   8004 |    197 |    532 |   6083 |  11 |  745.5 |
        Temple |      1 |      1 |      0 |      0 |      0 |   1 |    1.0 |
       Ossuary |    734 |    734 |      0 |    200 |    257 |   1 |  734.0 |
               +--------+--------+--------+--------+--------+-----+--------+

Top non-repeatable levels by time:
     D:8: 1551 daAuts
     D:2: 1096 daAuts
     D:1: 1027 daAuts
     D:7: 975 daAuts
     D:6: 961 daAuts
     D:4: 845 daAuts
 Ossuary: 734 daAuts
     D:5: 660 daAuts
     D:3: 529 daAuts
     D:9: 267 daAuts
    D:11: 242 daAuts
    D:10: 42 daAuts
  Temple: 1 daAuts
